 Dungeon Crawl Stone Soup version 0.14.1-26-g5a19342 (webtiles) character file.

134 Kae the Sneak (level 3, -3/16 HPs)
             Began as a Spriggan Enchanter on Aug 1, 2014.
             Slain by Crazy Yiuf
             ... wielding a +3,+4 quarterstaff of chaos
              (4 damage)
             ... on Level 2 of the Dungeon.
             The game lasted 00:00:48 (1047 turns).

Kae the Sneak (Spriggan Enchanter)                  Turns: 1047, Time: 00:00:49

HP  -3/16        AC  3     Str  5      XL: 3   Next:  5%
MP  11/11        EV 18     Int 16      God:
Gold 104         SH  0     Dex 16      Spells:  2 memorised,  5 levels left

rFire  . . .     SeeInvis +     a - +1 dagger
rCold  . . .     Clarity  .     j - +1 robe
rNeg   . . .     Conserve .     (shield restricted)
rPois  .         rCorr    .     (helmet restricted)
rElec  .         rRot     .     (no cloak)
SustAb . .       Spirit   .     (gloves unavailable)
rMut   .         Warding  .     (boots unavailable)
Saprov . . .     Stasis   .     (no amulet)
MR     .....                    (no ring)
                                (no ring)

@: very quick, not resistant to hostile enchantments, stealthy
A: unfitting armour, see invisible, herbivore 3, speed 3, slow metabolism 2
a: no special abilities


You were on level 2 of the Dungeon.
You were not hungry.

You visited 1 branch of the dungeon, and saw 2 of its levels.

You collected 104 gold pieces.

Inventory:

Hand weapons
 a - a +1,+1 dagger (weapon)
 b - a +0,+0 dagger
Missiles
 d - 12 darts (quivered)
Armour
 j - a +1 robe (worn)
Comestibles
 f - 2 apples
 k - a choko
Scrolls
 g - 3 scrolls of identify {unknown}
 i - a scroll of enchant armour {unknown}
 m - a scroll of teleportation {unknown}
Jewellery
 h - an uncursed ring of regeneration {unknown}
Potions
 e - a potion of porridge
 l - a potion of brilliance {unknown}
 n - a potion of cure mutation {unknown}
 o - a potion of restore abilities {unknown}
 p - a potion of might {unknown}
Books
 c - a book of Maledictions

   Spells                             Type                      Level
   *Corona                            Hexes                        1
   Sure Blade                         Hexes/Charms                 2
   *Ensorcelled Hibernation           Hexes/Ice                    2
   Confuse                            Hexes                        3
   Enslavement                        Hexes                        4
   Invisibility                       Hexes                        6


   Skills:
 * Level 2.4 Short Blades
 - Level 1.1 Throwing
 - Level 3.0 Dodging
 * Level 3.7 Stealth
 + Level 3.2 Spellcasting
 + Level 3.6 Hexes


You had 5 spell levels left.
You knew the following spells:

 Your Spells              Type           Power        Failure   Level  Hunger
a - Corona                Hex            ##.....      6%          1    None
b - Ensorcelled Hibernat  Hex/Ice        #.....       14%         2    ##.....


Dungeon Overview and Level Annotations

Branches:
Dungeon (2/15)

Altars:

Annotations:
D:2 Crazy Yiuf


Innate Abilities, Weirdness & Mutations

You are tiny and cannot use many weapons and most armour.
You have supernaturally acute eyesight.
You are a herbivore.
You cover ground extremely quickly.
You need consume almost no food.


Message History

You spend a moment contemplating the meaning of life.
Key pressed, stopping explore.
No target in view!
No target in view!
You spend a moment contemplating the meaning of life.
There is a shaft here.
Crazy Yiuf comes into view.
He is wielding a quarterstaff of chaos.
Crazy Yiuf shouts!
Found a glowing hammer.
You spend a moment contemplating the meaning of life.
Crazy Yiuf is nearby!
You spend a moment contemplating the meaning of life.
Crazy Yiuf is nearby!
You hit Crazy Yiuf.
Crazy Yiuf is moderately wounded.
Crazy Yiuf hits you with a quarterstaff of chaos!
Ouch! That really hurt!
* * * LOW HITPOINT WARNING * * *
Crazy Yiuf burns you.
You die...

##### #...# #...# ♣♣♣#
#...# ### #♣♣♣♣♣♣♣####
#...# #)..#♣♣♣♣♣♣..+.##
#...# #...g@♣♣♣♣......#
######...#
#...#♣..♣.......#
#......>.# ###
#♣♣♣.♣...+..# #.####...#
♣♣♣♣♣♣♣♣##.## #.# ##.##
♣♣♣♣♣♣##.# #.# #.# ###
###^#
#.#####.######.########...#
.............%.......##.###
#.###.#.######%#####.##.#


You could see Crazy Yiuf.

Vanquished Creatures
  An adder (D:2)
  A ball python (D:1)
  2 goblins (D:1)
  4 hobgoblins (D:1)
  3 bats
  2 giant cockroaches (D:1)
  A giant newt (D:1)
  A kobold (D:1)
  8 rats
23 creatures vanquished.

Notes
Turn   | Place    | Note
--------------------------------------------------------------
     0 | D:1      | Kae, the Spriggan Enchanter, began the quest for the Orb.
     0 | D:1      | Reached XP level 1. HP: 9/9 MP: 4/4
   202 | D:1      | Reached XP level 2. HP: 10/13 MP: 8/8
   938 | D:1      | Learned a level 2 spell: Ensorcelled Hibernation
  1016 | D:2      | Reached XP level 3. HP: 14/16 MP: 11/11
  1042 | D:2      | Noticed Crazy Yiuf
  1047 | D:2      | Slain by Crazy Yiuf

Action                   || total
-------------------------++-------
Melee: Dagger            ||    90
 Stab: Sleeping          ||     4
